 Dungeon Crawl Stone Soup version 0.27.1-34-g3ba077fa99 (webtiles) character file.

Game seed: 17321024363873759989

103 mcbry74 the Poker (level 4, -6/33 HPs)
             Began as a Merfolk Gladiator on Jan 28, 2022.
             Was a Believer of Zin.
             Killed by divine providence
             ... invoked by an orc priest
              (16 damage)
             ... on level 4 of the Dungeon.
             The game lasted 00:08:13 (2662 turns).

mcbry74 the Poker (Merfolk Gladiator)               Turns: 2662, Time: 00:08:13

Health: -6/33      AC:  6    Str: 14    XL:     4   Next: 79%
Magic:  5/5        EV: 13    Int:  8    God:    Zin [**....]
Gold:   152        SH:  0    Dex: 15    Spells: 2/3 levels left

rFire    + . .     SeeInvis .   o - +1 trident (flame)
rCold    . . .     Faith    .   (no shield)
rNeg     . . .     Spirit   .   b - +0 leather armour
rPois    .         Reflect  .   c - +0 helmet
rElec    .         Harm     .   (no cloak)
rCorr    .         Rampage  .   q - +0 pair of gloves
Will     .....                  k - +0 pair of boots
Stlth    +.........             (no amulet)
HPRegen  0.11/turn              j - ring of protection from fire
MPRegen  0.09/turn              (no ring)

@: no status effects
A: (nimble swimmer 2), mertail
a: Renounce Religion, Recite, Vitalisation, Donate Gold


You were on level 4 of the Dungeon.
You worshipped Zin.
Zin was pleased with you.
You visited 1 branch of the dungeon, and saw 4 of its levels.

You collected 168 gold pieces.
You donated 16 gold pieces to Zin.

Inventory:

Hand Weapons
 a - a +0 trident
 g - a +1 vorpal falchion
 h - a +0 hunting sling
 o - a +1 trident of flaming (weapon)
Missiles
 d - 3 throwing nets (quivered)
 s - 15 poisoned darts
Armour
 b - a +0 leather armour (worn)
 c - a +0 helmet (worn)
 k - a +0 pair of boots (worn)
 q - a +0 pair of gloves (worn)
Jewellery
 j - a ring of protection from fire (left hand)
Scrolls
 e - a scroll of fog {unknown}
 l - 3 scrolls of identify {unknown}
 m - 4 scrolls of amnesia {unknown}
 n - a scroll of immolation {unknown}
 p - a scroll of enchant weapon {unknown}
 t - 4 scrolls of teleportation {unknown}
 u - a scroll of holy word {unknown}
Potions
 f - 3 potions of curing {unknown}
 i - a potion of heal wounds {unknown}
 r - 2 potions of mutation {unknown}


   Skills:
 - Level 2.1 Fighting
 + Level 6.4 Polearms
 - Level 2.0 Throwing
 - Level 4.0 Dodging
 + Level 2.3 Ice Magic
 + Level 1.6 Invocations


You had 2 spell levels left.
You knew the following spells:

 Your Spells              Type           Power      Damage    Failure   Level
a - Freeze                Ice            12%        1d4       22%         1

Your spell library contained the following spells:

 Spells                   Type           Power      Damage    Failure   Level
 Animate Skeleton         Necr           0%         N/A       50%         1
 Pain                     Necr           0%         1d4       50%         1
 Frozen Ramparts          Ice            6%         1d2       54%         3
 Gell's Gravitas          Tloc           0%         N/A       86%         3
 Lesser Beckoning         Tloc           0%         N/A       86%         3
 Teleport Other           Tloc           0%         N/A       86%         3
 Vampiric Draining        Necr           0%         2d6       86%         3
 Hailstorm                Conj/Ice       1%         3d3       98%         4


Dungeon Overview and Level Annotations

Branches:
Dungeon (4/15)
 Temple: D:4-7

Altars:
Zin


Innate Abilities, Weirdness & Mutations

((You are quick and stealthy near water. (Stealth+, EV+, Speed+++)))
Your lower body shifts to a powerful aquatic tail in water.


Message History

Your legs become a tail as you enter the water.
Your +0 pair of boots melds into your body.
Your +0 pair of boots unmelds from your body.
Done exploring.
Done exploring.
There is a stone staircase leading down here.
You climb downwards.
There is a stone staircase leading up here.
Found a blue potion.
An orc priest comes into view. It is wielding a +0 flail.
Found 16 gold pieces.
The orc priest shouts!
You hear a shout! x2
An orc comes into view. It is wielding a +0 club.
You start waiting.
An orc priest is nearby!
You closely miss the orc priest. The orc priest barely misses you.
You barely miss the orc priest. The orc priest completely misses you.
You hit the orc priest. You burn the orc priest.
The orc priest is lightly wounded.
The orc priest invokes the aid of Beogh against you.
You barely resist. You hit the orc priest. You burn the orc priest.
The orc priest is severely wounded.
The orc priest calls down the wrath of Beogh upon you.
Beogh smites you!
You hear a shout!
You closely miss the orc priest.
The orc priest is severely wounded.
You hear a shout!
The orc priest calls down the wrath of Beogh upon you.
Beogh smites you!
* * * LOW HITPOINT WARNING * * *
You barely miss the orc priest.
The orc priest is severely wounded.
The orc priest hits you but does no damage.
You closely miss the orc priest.
The orc priest is severely wounded.
The orc priest invokes the aid of Beogh against you.
Beogh smites you!
You die...

####
o..##
....
o..####
..#<.#
#.#@.#
#.##o#
#....#
#..###
##.#
.!$
##..
##.. .≈


You could see an orc priest.

Vanquished Creatures
  An orc priest (D:3)
  11 dart slugs
  5 orcs (D:3)
  2 ball pythons (D:2)
  6 endoplasms
  A giant cockroach (D:1)
  3 goblins (D:1)
  2 hobgoblins (D:2)
  2 quokkas
  2 bats
  3 frilled lizards
  4 kobolds
  2 rats
44 creatures vanquished.

Notes
Turn   | Place    | Note
-------+----------+-------------------------------------------
     0 | D:1      | mcbry74 the Merfolk Gladiator began the quest for the Orb.
     0 | D:1      | Reached XP level 1. HP: 16/16 MP: 1/1
   282 | D:1      | Reached skill level 5 in Polearms
   284 | D:1      | Reached XP level 2. HP: 21/22 MP: 2/2
   914 | D:2      | Found a faded altar of an unknown god.
   932 | D:2      | Became a worshipper of Zin the Law-Giver
   932 | D:2      | Reached * piety under Zin
  1122 | D:2      | Reached ** piety under Zin
  1151 | D:2      | Reached skill level 1 in Ice Magic
  1163 | D:2      | Reached XP level 3. HP: 27/27 MP: 3/3
  1540 | D:2      | Learned a level 1 spell: Freeze
  1669 | D:3      | Reached skill level 6 in Polearms
  1728 | D:3      | Reached XP level 4. HP: 30/33 MP: 4/4
  1898 | D:3      | Reached skill level 1 in Invocations
  2662 | D:4      | Killed from afar by an orc priest

Illustrated notes

Levels and vault maps discovered:
D:1:      lightli_arrival_isolated_outpost, layout_basic
D:2:      layout_basic, basic_ecumenical_altar, nrook_campfire
D:3:      kennysheep_slugbush, layout_loops_corners, serial_glass,
          glass_columns_a, glass_columns_c, glass_columns_a, glass_columns_b,
          glass_columns_a, glass_columns_a, glass_columns_c, glass_columns_a
D:4:      layout_basic, nicolae_qazlal_eye_of_the_storm, kennysheep_mini_moat,
          moated_statue, minmay_shop_damaged

Skill      XL: |  1  2  3  4 |
---------------+-------------+-----
Polearms       | 5 6 |  6.4
Ice Magic      | 1 2 |  2.3
Invocations    | 1 |  1.6
Fighting       | |  2.1
Throwing       | |  2.0
Dodging        | |  4.0

Action                   |  1- 3 |  4- 6 || total
-------------------------+-------+-------++-------
Melee: Trident           |    95 |    46 ||   141
 Stab: Sleeping          |     5 |       ||     5
Armor: Leather armour    |    18 |     5 ||    23
Dodge: Dodged            |    42 |    24 ||    66
